 Dungeon Crawl Stone Soup version 0.28.0-43-g3370ac3207 (webtiles) character file.

Game seed: 16259639022750493454

212 jimonade the Ducker (level 5, -1/41 HPs)
             Began as a Gnoll Wanderer on Mar 15, 2022.
             Slain by Menkaure (11 damage)
             ... on level 4 of the Dungeon.
             The game lasted 00:16:01 (3661 turns).

jimonade the Ducker (Gnoll Wanderer)                Turns: 3661, Time: 00:16:02

Health: -1/41      AC: 18    Str: 11    XL:     5   Next: 89%
Magic:  7/7        EV:  3    Int:  8    God:
Gold:   177        SH:  0    Dex: 17    Spells: 7/7 levels left

rFire   . . .      SeeInvis .   a - +0 quarterstaff
rCold   . . .      Faith    .   (shield currently unavailable)
rNeg    . . .      Spirit   .   x - +4 plate armour
rPois   .          Reflect  .   s - +2 hat
rElec   .          Harm     .   (no cloak)
rCorr   .          Rampage  .   u - +0 pair of gloves
Will    .....                   m - +0 pair of boots
Stlth   ..........              f - amulet of the acrobat
HPRegen 0.13/turn               k - ring of flight
MPRegen 0.10/turn               (no ring)

@: flying
A: fangs 1, strong nose, distributed training
a: no special abilities


You were on level 4 of the Dungeon.
You visited 1 branch of the dungeon, and saw 4 of its levels.

You collected 177 gold pieces.

Inventory:

Hand Weapons
 a - a +0 quarterstaff (weapon)
 e - a +0 dagger
 n - a +0 hunting sling
Missiles
 b - 4 throwing nets
 d - 10 boomerangs (quivered)
 j - 59 arrows
 l - 12 bolts
 r - 66 stones
 w - 4 poisoned darts
 z - 2 silver javelins
Armour
 c - a +0 leather armour
 m - a +0 pair of boots (worn)
 s - a +2 hat (worn)
 u - a +0 pair of gloves (worn)
 x - a +4 plate armour (worn)
 y - a +0 helmet
Jewellery
 f - an amulet of the acrobat (around neck)
 k - a ring of flight (left hand)
Scrolls
 i - 2 scrolls of teleportation
Potions
 h - 3 potions of mutation
 t - a potion of ambrosia {unknown}
 v - 2 potions of invisibility


   Skills:
 + Level 3.1 Fighting
 + Level 1.6 Short Blades
 + Level 1.6 Long Blades
 + Level 1.6 Axes
 + Level 1.6 Maces & Flails
 + Level 1.6 Polearms
 + Level 4.8 Staves
 + Level 1.6 Slings
 + Level 1.6 Bows
 + Level 1.6 Crossbows
 + Level 6.7 Throwing
 + Level 1.6 Armour
 + Level 6.7 Dodging
 + Level 2.9 Stealth
 + Level 1.6 Shields
 + Level 1.6 Unarmed Combat
 + Level 1.6 Spellcasting
 + Level 1.3 Conjurations
 + Level 1.3 Hexes
 + Level 1.3 Summonings
 + Level 1.3 Necromancy
 + Level 1.3 Translocations
 + Level 1.3 Transmutations
 + Level 1.3 Fire Magic
 + Level 1.3 Ice Magic
 + Level 1.3 Air Magic
 + Level 1.3 Earth Magic
 + Level 1.3 Poison Magic
 + Level 1.9 Invocations
 + Level 1.6 Evocations


You had 7 spell levels left.
You didn't know any spells.
Your spell library contained the following spells:

 Spells                   Type           Power      Damage    Failure   Level
 Tukima's Dance           Hex            2%         N/A       100%        3
 Passage of Golubria      Tloc           2%         N/A       100%        4
 Yara's Violent Unravell  Hex/Tmut       1%         3d3       100%        5


Dungeon Overview and Level Annotations

Branches:
Dungeon (4/15)
 Temple: D:4-7

Altars:
The Shining One

Annotations:
D:4 Menkaure


Innate Abilities, Weirdness & Mutations

You have very sharp teeth.
Your uncanny sense of smell can sniff out nearby items.
Your experience applies equally to all skills.


Message History

You hit Menkaure.
Menkaure is heavily damaged.
Menkaure hits you!
* * * LOW HITPOINT WARNING * * *
Unknown command.
You hit Menkaure but do no damage.
Menkaure is heavily damaged.
Menkaure calls on the powers of darkness!
Your body is wracked with pain!
* * * LOW HITPOINT WARNING * * *
You hit Menkaure but do no damage.
Menkaure is heavily damaged.
Menkaure calls on the powers of darkness!
Your body is wracked with pain!
* * * LOW HITPOINT WARNING * * *
Menkaure gestures at you while chanting.
You barely resist.
You feel much better. Menkaure hits you but does no damage.
You hit Menkaure.
Menkaure is heavily damaged.
Menkaure hits you but does no damage.
You closely miss Menkaure. You bite Menkaure.
Menkaure is heavily damaged.
Menkaure hits you but does no damage. Menkaure hits you.
You hit Menkaure.
Menkaure is severely damaged.
Menkaure calls on the powers of darkness!
Your body is wracked with pain!
You hit Menkaure. You bite Menkaure, but do no damage.
Menkaure is almost destroyed.
Menkaure calls on the powers of darkness!
Your body is wracked with pain!
* * * LOW HITPOINT WARNING * * *
You barely miss Menkaure.
Menkaure is almost destroyed.
Menkaure hits you but does no damage.
You hit Menkaure.
Menkaure is almost destroyed.
Menkaure hits you!
You die...

...#.##.........#
............##.##
...###....#....#
....#...###...##########
...##..#...............#
. ...#...#..#...<...##
.... ##....##.......#
.....#.....##......##
...........###@.....##
...#..........M.#....#
##..##.....###..###
#>..........##....#
.[...........###..##
....................#
#..>###.........##.###
##.# #.#...######.#
###### ###


You could see Menkaure (fast).

Vanquished Creatures
  A gnoll shaman (D:3)
  An iguana (D:3)
  6 adders
  A gnoll (D:4)
  A river rat (D:3)
  2 worms (D:3)
  An orc (D:3)
  8 endoplasms
  A giant cockroach (D:2)
  7 goblins
  9 hobgoblins
  7 jackals
  2 kobolds
  4 quokkas
  9 ball pythons
  5 bats
  3 frilled lizards
  9 rats
  A spectral hobgoblin (D:1)
78 creatures vanquished.

Notes
Turn   | Place    | Note
-------+----------+-------------------------------------------
     0 | D:1      | jimonade the Gnoll Wanderer began the quest for the Orb.
     0 | D:1      | jimonade set off with the following items: a +0
                  | quarterstaff, 4 throwing nets, a +0 leather armour, 9
                  | boomerangs, a +0 dagger
     0 | D:1      | Reached XP level 1. HP: 17/17 MP: 1/1
   138 | D:1      | Found a faded altar of an unknown god.
   380 | D:1      | Reached XP level 2. HP: 22/23 MP: 2/2
   857 | D:1      | Reached XP level 3. HP: 28/28 MP: 3/3
  1025 | D:2      | Reached skill level 1 in Invocations
  1170 | D:2      | Reached skill level 1 in Short Blades
  1170 | D:2      | Reached skill level 1 in Long Blades
  1170 | D:2      | Reached skill level 1 in Axes
  1170 | D:2      | Reached skill level 1 in Maces & Flails
  1170 | D:2      | Reached skill level 1 in Polearms
  1170 | D:2      | Reached skill level 1 in Slings
  1170 | D:2      | Reached skill level 1 in Bows
  1170 | D:2      | Reached skill level 1 in Crossbows
  1170 | D:2      | Reached skill level 1 in Armour
  1170 | D:2      | Reached skill level 1 in Shields
  1170 | D:2      | Reached skill level 1 in Unarmed Combat
  1170 | D:2      | Reached skill level 1 in Spellcasting
  1170 | D:2      | Reached skill level 1 in Evocations
  1238 | D:2      | Reached XP level 4. HP: 31/34 MP: 5/5
  1872 | D:3      | Found a faded altar of an unknown god.
  1876 | D:3      | Found a glowing golden altar of the Shining One.
  1952 | D:3      | Reached skill level 1 in Conjurations
  1952 | D:3      | Reached skill level 1 in Hexes
  1952 | D:3      | Reached skill level 1 in Summonings
  1952 | D:3      | Reached skill level 1 in Necromancy
  1952 | D:3      | Reached skill level 1 in Translocations
  1952 | D:3      | Reached skill level 1 in Transmutations
  1952 | D:3      | Reached skill level 1 in Fire Magic
  1952 | D:3      | Reached skill level 1 in Ice Magic
  1952 | D:3      | Reached skill level 1 in Air Magic
  1952 | D:3      | Reached skill level 1 in Earth Magic
  1952 | D:3      | Reached skill level 1 in Poison Magic
  2088 | D:3      | Reached XP level 5. HP: 35/40 MP: 6/6
  3445 | D:4      | Noticed Menkaure
  3661 | D:4      | Slain by Menkaure

Illustrated notes

Levels and vault maps discovered:
D:1:      zelgadis_glass_arrival_large, layout_basic,
          dreamdust_ecumenical_altar_drowned_temple
D:2:      layout_basic, minmay_misc_feat_iff, kennysheep_minor_cross,
          minmay_box_of_dots
D:3:      layout_basic, nicolae_overflow_ecumenical_swirl,
          lightli_sewer_entry_pipes, hangedman_decor_growths,
          chequers_serial_rivers_micro_c, minmay_vboxes
D:4:      layout_cave_pools, nrook_uturn, uniq_menkaure, uniq_crazy_yiuf_cottage

Skill      XL: |  1  2  3  4  5 |
---------------+----------------+-----
Invocations    | 1 |  1.9
Short Blades   | 1 |  1.6
Long Blades    | 1 |  1.6
Axes           | 1 |  1.6
Maces & Flails | 1 |  1.6
Polearms       | 1 |  1.6
Slings         | 1 |  1.6
Bows           | 1 |  1.6
Crossbows      | 1 |  1.6
Armour         | 1 |  1.6
Shields        | 1 |  1.6
Unarmed Combat | 1 |  1.6
Spellcasting   | 1 |  1.6
Evocations     | 1 |  1.6
Conjurations   | 1 |  1.3
Hexes          | 1 |  1.3
Summonings     | 1 |  1.3
Necromancy     | 1 |  1.3
Translocations | 1 |  1.3
Transmutations | 1 |  1.3
Fire Magic     | 1 |  1.3
Ice Magic      | 1 |  1.3
Air Magic      | 1 |  1.3
Earth Magic    | 1 |  1.3
Poison Magic   | 1 |  1.3
Fighting       | 3 |  3.1
Staves         | |  4.8
Throwing       | |  6.7
Dodging        | |  6.7
Stealth        | |  2.9

Action                   |  1- 3 |  4- 6 || total
-------------------------+-------+-------++-------
Melee: Quarterstaff      |    96 |   117 ||   213
       Bite              |     8 |    19 ||    27
Throw: Boomerang         |       |    15 ||    15
  Use: Scroll            |       |    10 ||    10
       Potion            |       |     1 ||     1
 Stab: Sleeping          |     7 |     1 ||     8
Armor: Leather armour    |    22 |     3 ||    25
       Plate armour      |       |    54 ||    54
Dodge: Dodged            |    83 |    40 ||   123
